 Dungeon Crawl Stone Soup version 0.28-a0-750-g7c675f85b1 (webtiles) character file.

Game seed: 7252635507875364648

2142 Strife64 the Skirmisher (level 9, -6/102 HPs)
             Began as a Djinni Conjurer on Oct 29, 2021.
             Was an Initiate of Makhleb.
             Killed by an exploding fulminant prism (10 damage)
             ... on level 7 of the Dungeon.
             The game lasted 01:05:08 (10382 turns).

Strife64 the Skirmisher (Djinni Conjurer)          Turns: 10382, Time: 01:05:09

Health: -6/102     AC: 24    Str:  6    XL:     9   Next: 56%
Gold:   3          EV:  2    Int: 23    God:    Makhleb [......] SH:  0 Dex: 12

rFire   . . .      SeeInvis .   k - +8 spear (vamp)
rCold   . . .      Faith    .   (no shield)
rNeg    + . .      Spirit   .   (armour currently unavailable)
rPois   ∞          Reflect  .   (helmet currently unavailable)
rElec   .          Harm     .   (cloak currently unavailable)
rCorr   .          Rampage  .   (gloves currently unavailable)
Will    .....      NoTele   +   (boots unavailable)
Stlth   ++........              (no amulet)
HPRegen 0.27/turn               e - ring of wizardry
MPRegen 0.00/turn               q - ring of positive energy

@: tree-form
A: stationary, stasis, torment immunity, boosted hp, sickness immunity, (fire
resistance 2), (cold vulnerability 1), float, innate caster, hp casting, extra
vitality 1
a: Renounce Religion


You were on level 7 of the Dungeon.
You worshipped Makhleb.
Makhleb was noncommittal.
You were a tree.
You visited 2 branches of the dungeon, and saw 8 of its levels.

You collected 262 gold pieces.
You spent 259 gold pieces at shops.

Inventory:

Hand Weapons
 k - a +8 vampiric spear (weapon)
Armour
 a - a +0 robe (melded)
 d - a +0 cloak (melded)
 g - the +0 pair of gloves "Qoneqal" (melded) {+Blink Fly Dex+3 Slay-2}
   (You bought it in a shop on level 7 of the Dungeon)

   Dex:       It affects your dexterity (+3).
   Slay:      It affects your accuracy & damage with ranged weapons and melee
   (-2).
   Fly:       It grants you flight.
   +Blink:    It lets you blink.
Jewellery
 e - a ring of wizardry (left branch)
 q - a ring of positive energy (right branch)
 r - a ring of fire
Wands
 i - a wand of paralysis (6)
Scrolls
 b - a scroll of torment
 c - a scroll of fog {unknown}
 f - 3 scrolls of teleportation {unknown}
 h - 2 scrolls of fear
 j - 2 scrolls of immolation
 p - a scroll of noise {unknown}
 s - a scroll of holy word {unknown}
 u - a scroll of vulnerability {unknown}
 v - a scroll of silence {unknown}
 w - a scroll of amnesia {unknown}
Potions
 l - a potion of degeneration {unknown}
 n - a potion of flight {unknown}
 o - 3 potions of lignification


   Skills:
 * Level 7.6 Fighting
 + Level 4.0 Polearms
 - Level 2.1 Dodging
 - Level 1.5 Stealth
 * Level 6.8 Spellcasting


You couldn't memorise any spells.
You knew the following spells:

 Your Spells              Type           Power      Damage    Failure   Level
a - Fulminant Prism       Conj/Hex       19%        3d11      1%          4
b - Dazzling Flash        Conj/Hex       78%        N/A       1%          3
c - Animate Dead          Necr           19%        N/A       1%          4
d - Magic Dart            Conj           100%       1d8       1%          1
e - Confusing Touch       Hex            39%        N/A       1%          3
f - Searing Ray           Conj           78%        2d7       1%          2
s - Iskenderun's Mystic   Conj/Tloc      39%        2d9       1%          4
v - Poisonous Vapours     Pois/Air       78%        N/A       1%          2
x - Animate Skeleton      Necr           78%        N/A       1%          1
Your spell library was empty.

Dungeon Overview and Level Annotations

Branches:
Dungeon (7/15)             Temple (1/1) D:6

Altars:
Ashenzari
Cheibriados
Dithmenos
Elyvilon
Fedhas
Gozag
Makhleb
Okawaru
Qazlal
Ru
Trog
Uskayaw
Vehumet
Wu Jian
Xom
The Shining One

Shops:
D:7 [


Innate Abilities, Weirdness & Mutations

You are a tree.
Your roots penetrate the ground, keeping you stationary.
You cannot be teleported.
You are immune to unholy pain and torment.
Your maximum health is greatly increased.
Your equipment is partially melded.
You are immune to sickness and miasma.
You are immune to poison.
((Your flesh is very heat resistant. (rF++)))
((You are vulnerable to cold. (rC-)))
You float through the air rather than walking.
You learn spells naturally, not from books.
Your magical power is your life essence.
You have superior vitality. (+4 HP)


Message History

Aiming: Searing Ray (safe; 1% risk of failure)
Press: ? - help, Q - select action, (/) - cycle Shift-Dir - straight line, f - killer bee
Aim: a killer bee (lightly wounded, 61% to hit)
The searing ray hits the killer bee!
The killer bee is almost dead.
The searing ray hits the killer bee.
The killer bee is lightly wounded. (Press . to maintain the ray.)
* * * LOW HITPOINT WARNING * * *
The killer bee barely misses you. The killer bee stings you.
* * * LOW HITPOINT WARNING * * *
Welcome back, Strife64 the Djinni Conjurer.
Blood and souls for Makhleb!
Press ? for a list of commands and other information.
Aiming: Paralyse
Press: ? - help, Shift-Dir - straight line, f - killer bee
Aim: a killer bee (almost dead, chance to affect: 54%)
Okay, then.
Restarting spell: Searing Ray (safe; 1% risk of failure)
Press: ? - help, Q - select action, (/) - cycle Shift-Dir - straight line, f - killer bee
Aim: a killer bee (almost dead, 61% to hit)
Okay, then.
You turn into a tree.
Your +0 cloak melds into your body.
The +0 pair of gloves "Qoneqal" {+Blink Fly Dex+3 Slay-2} melds into your body.
Your +0 robe melds into your body.
Your roots penetrate the ground.
The killer bee stings you but does no damage. x2
Okay, then.
As you read the scroll of fear, it crumbles to dust.
You assume a fearsome visage.
The killer bee looks frightened! x2
Casting: Searing Ray (safe; 1% risk of failure)
Confirm with . or Enter, or press ? or * to list all spells.
Aiming: Fulminant Prism (mildly dangerous; 1% risk of failure)
Press: ? - help, Dir - move target You conjure a prism of explosive energy!
* * * LOW HITPOINT WARNING * * *
A fulminant prism comes into view.
Your fulminant prism crackles loudly.
Your fulminant prism explodes!
The blast of energy engulfs you!
You die... #.## .... #<# #y.# ..# #y.# ..# #.. #yo

..###.# #.#
....#.#
#########.#
≈≈≈.#.#
#....).†..#
..≈.#.#
#.#########
≈.≈...# #♣#
≈.§...#####
#.#
≈§≈.§.....#
#.#
≈.≈§#.###.#
#.# §.≈...#
#.######.#
≈.§...#
#........#
≈§§§#.#
#>#####.##
§§§§#.# #.#
#.# §.≈...#
#.# #.#


There were no monsters in sight!

Vanquished Creatures
  Eustachio (D:4)
  Menkaure (D:4)
  2 black bears
  5 ogres
  A bullfrog (D:7)
  A gnoll sergeant (D:7)
  4 killer bees (D:7)
  A howler monkey (D:7)
  A bullfrog zombie (D:5)
  A centaur zombie (D:6)
  3 hounds
  2 bullfrog skeletons
  2 orc priests
  3 jellies
  Jessica (D:2)
  An iguana (D:7)
  3 orc wizards
  3 killer bee zombies
  11 gnolls
  15 adders
  A shadow imp (D:3)
  A worm (D:3)
  4 dart slugs
  14 orcs
  3 endoplasms
  2 giant cockroaches (D:1)
  10 goblins
  10 hobgoblins
  3 quokkas
  14 ball pythons
  4 bats
  2 frilled lizards (D:1)
  2 kobolds
  7 rats
139 creatures vanquished.

Vanquished Creatures (collateral kills)
  A centaur skeleton (D:6)
1 creature vanquished.

Vanquished Creatures (others)
  10 fulminant prisms
  7 fungi (D:3)
  4 plants (D:3)
21 creatures vanquished.

Grand Total: 161 creatures vanquished

Notes
Turn   | Place    | Note
-------+----------+-------------------------------------------
     0 | D:1      | Strife64 the Djinni Conjurer began the quest for the Orb.
     0 | D:1      | Reached XP level 1. HP: 15/15 MP: 0/0
   564 | D:1      | Reached XP level 2. HP: 20/22 MP: 0/0
   565 | D:1      | Reached skill level 1 in Fighting
   796 | D:1      | Found a faded altar of an unknown god.
   978 | D:1      | Reached XP level 3. HP: 22/27 MP: 0/0
   978 | D:1      | Learned a level 1 spell: Animate Skeleton
  1729 | D:2      | Noticed Jessica
  1734 | D:2      | Killed Jessica
  1735 | D:2      | Reached skill level 2 in Fighting
  1735 | D:2      | Reached XP level 4. HP: 21/33 MP: 0/0
  2334 | D:3      | Found a blossoming altar of Fedhas.
  2341 | D:3      | Reached XP level 5. HP: 36/39 MP: 0/0
  2341 | D:3      | Learned a level 2 spell: Poisonous Vapours
  2525 | D:3      | Reached skill level 3 in Fighting
  3922 | D:4      | Reached skill level 1 in Polearms
  3953 | D:4      | Noticed an ogre
  3954 | D:4      | Reached XP level 6. HP: 41/46 MP: 0/0
  3964 | D:4      | Killed an ogre
  3970 | D:5      | Entered Level 5 of the Dungeon
  4269 | D:5      | Noticed an ogre
  4589 | D:4      | Reached skill level 4 in Fighting
  4833 | D:4      | Found a hide-covered altar of Uskayaw.
  4835 | D:4      | Reached XP level 7. HP: 50/52 MP: 0/0
  4835 | D:4      | Learned a level 3 spell: Confusing Touch
  4886 | D:4      | Noticed Menkaure
  4893 | D:4      | Killed Menkaure
  5247 | D:4      | Found a stormy altar of Qazlal.
  5387 | D:4      | Reached skill level 5 in Spellcasting
  6019 | D:4      | Noticed Eustachio
  6020 | D:4      | Reached skill level 5 in Fighting
  6040 | D:4      | Killed Eustachio
  6041 | D:4      | Reached XP level 8. HP: 38/59 MP: 0/0
  6815 | D:5      | Found a shadowy altar of Dithmenos.
  7096 | D:5      | Reached skill level 6 in Fighting
  7254 | D:5      | Found an ornate altar of the Wu Jian Council.
  7256 | D:5      | Found a broken altar of Ashenzari.
  7912 | D:6      | Found a staircase to the Ecumenical Temple.
  7936 | Temple   | Entered the Ecumenical Temple
  8344 | Temple   | Became a worshipper of Makhleb the Destroyer
  8739 | D:6      | Reached XP level 9. HP: 63/67 MP: 0/0
  8739 | D:6      | Learned a level 4 spell: Animate Dead
  9503 | D:7      | Reached skill level 7 in Fighting
  9952 | D:7      | Found Qoatt's Armour Emporium.
 10313 | D:7      | Bought the +0 pair of gloves "Qoneqal" {+Blink Fly Dex+3
                  | Slay-2} for 259 gold pieces
 10382 | D:7      | Killed by an exploding fulminant prism

Illustrated notes

Levels and vault maps discovered:
D:1:      dpeg_arrival_leaves_temple_mockup, layout_basic,
          hellmonk_ecumenical_altar_run_dry
D:2:      layout_basic, uniq_natasha, uniq_jessica
D:3:      layout_rooms, fedhas_altar_3, guppyfry_early_orc_mine
D:4:      layout_loops_corners, nicolae_qazlal_scattered_showers,
          mainiacjoe_overflow_24_doors, uniq_eustachio, uniq_menkaure
D:5:      layout_basic, nicolae_overflow_crystal_walls,
          mainiacjoe_overflow_catwalk_spiral
D:6:      layout_cave_pools, mainiacjoe_overflow_tiny_flanked,
          minmay_temple_entry_junction
D:7:      layout_loops_ring, lemuel_coloured_pillars_altar,
          kennysheep_mini_moat, nicolae_inconvenience_store, minivault_5,
          minmay_joined_circles, uniq_harold
Temple:   compressed_dpeg_triangle_lava_temple

Skill      XL: |  1  2  3  4  5  6  7  8  9 |
---------------+----------------------------+-----
Fighting       | 1 2 3 4 5 6 7 |  7.6
Spellcasting   | 4 5 6 |  6.8
Polearms       | 1 2 3 4 |  4.0
Dodging        | |  2.1
Stealth        | |  1.5

Action                   |  1- 3 |  4- 6 |  7- 9 || total
-------------------------+-------+-------+-------++-------
Melee: Unarmed           |     5 |       |       ||     5
       War axe           |     2 |     2 |       ||     4
       Spear             |       |    20 |    15 ||    35
 Cast: Magic Dart        |    23 |    15 |     4 ||    42
       Searing Ray       |    15 |    45 |    58 ||   118
       Animate Skeleton  |     2 |     9 |     2 ||    13
       Poisonous Vapours |       |     5 |     4 ||     9
       Iskenderun's Myst |       |       |    15 ||    15
       Fulminant Prism   |       |       |    10 ||    10
Evoke: Wand              |       |       |     2 ||     2
  Use: Scroll            |       |     4 |     7 ||    11
       Potion            |       |     1 |     3 ||     4
Armor: Robe              |     2 |     7 |    24 ||    33
       Skin              |       |       |     2 ||     2
Dodge: Dodged            |     6 |    37 |    86 ||   129

Table legend: (Time is in decaauts)
 A = Elapsed time spent in this place.
 B = Non-inter-level travel time spent in this place.
 C = Inter-level travel time spent in this place.
 D = Time resting spent in this place.
 E = Time spent auto-exploring this place.
 F = Levels seen in this place.
 G = Mean time per level.
                   A        B        C        D        E       F      G
               +--------+--------+--------+--------+--------+-----+--------+
         Total |  10383 |   9813 |    570 |   4584 |    455 |   8 | 1297.9 |
       Dungeon |   9955 |   9385 |    570 |   4366 |    455 |   7 | 1422.1 |
        Temple |    428 |    428 |      0 |    218 |      0 |   1 |  428.0 |
               +--------+--------+--------+--------+--------+-----+--------+

Top non-repeatable levels by time:
     D:4: 2575 daAuts
     D:3: 1705 daAuts
     D:1: 1704 daAuts
     D:5: 1561 daAuts
     D:6: 975 daAuts
     D:7: 934 daAuts
     D:2: 497 daAuts
  Temple: 428 daAuts
